 Dungeon Crawl Stone Soup version 0.29.1-2-gbd0b4ee654 (webtiles) character file.

Game seed: 17620928809917420281

14444 cdecastro the Merfolkian Aeon (level 12, -15/97 HPs)
             Began as a Merfolk Transmuter on Nov 13, 2022.
             Was the Champion of Cheibriados.
             Engulfed by a cloud of freezing vapour (46 damage)
             ... on level 6 of the Dungeon.
             The game lasted 00:39:39 (12469 turns).

cdecastro the Merfolkian Aeon (Merfolk Transmuter) Turns: 12469, Time: 00:39:40

Health: -15/97     AC:  6    Str: 24    XL:     12   Next: 16%
Magic:  22/22      EV: 14    Int: 37    God:    Cheibriados [******]
Gold:   568        SH:  0    Dex: 30    Spells: 4/15 levels left

rFire   . . .      SeeInvis .     - Unarmed
rCold   . . .      Faith    .   (no shield)
rNeg    . . .      Spirit   .   a - +0 robe
rPois   .          Reflect  .   R - +0 helmet
rElec   .          Harm     .   W - +0 cloak
rCorr   .          Rampage  .   (no gloves)
Will    .....                   s - +1 pair of boots
Stlth   ++........              B - amulet of regeneration
HPRegen 1.06/turn               D - ring of wizardry
MPRegen 0.18/turn               S - +6 ring of intelligence

@: very slow
A: (nimble swimmer 2), mertail, weak 1
a: Renounce Religion, Bend Time, Temporal Distortion, Slouch, Step From Time


You were on level 6 of the Dungeon.
You worshipped Cheibriados.
Cheibriados was exalted by your worship.
You visited 2 branches of the dungeon, and saw 13 of its levels.
You also visited: Ossuary.

You collected 854 gold pieces.
You spent 286 gold pieces at shops.

Inventory:

Missiles
 e - 2 throwing nets
 f - 46 stones (quivered)
 h - 24 poisoned darts
 G - a curare-tipped dart
Armour
 a - a +0 robe (worn)
 o - a scarf of harm
 s - a +1 pair of boots (worn)
 u - a +0 leather armour
 v - a +0 ring mail
 M - a +0 crystal plate armour
 R - a +0 helmet (worn)
 V - a +1 chain mail of cold resistance
 W - a +0 cloak (worn)
Magical Staves
 N - a staff of poison
Jewellery
 B - an amulet of regeneration (around neck)
 D - a ring of wizardry (left hand)
 L - the ring of the Ant {rElec rF- Will+ rCorr Str+6}
   (You found it on level 9 of the Dungeon)

   [ring of strength]

   Str:       It affects your strength (+6).
   rF:        It makes you vulnerable to fire.
   rElec:     It insulates you from electricity.
   rCorr:     It protects you from acid and corrosion.
   Will:      It increases your willpower.
 S - a +6 ring of intelligence (right hand)
Wands
 m - a wand of mindburst (14)
 p - a wand of roots (13)
 t - a wand of charming (16)
 P - a wand of flame (24)
 Q - a wand of digging (3)
 U - a wand of light (3)
Scrolls
 c - 3 scrolls of enchant weapon
 d - a scroll of teleportation
 g - 3 scrolls of enchant armour
 q - 3 scrolls of immolation
 r - a scroll of silence {unknown}
 y - a scroll of acquirement {unknown}
 F - a scroll of amnesia
 I - 3 scrolls of fear
 J - a scroll of poison
 O - 3 scrolls of brand weapon {unknown}
 T - a scroll of magic mapping
Potions
 b - 4 potions of lignification
 i - 3 potions of ambrosia
 j - 2 potions of magic
 k - 2 potions of brilliance
 l - a potion of resistance
 n - 8 potions of curing
 w - 2 potions of cancellation
 x - 3 potions of heal wounds
 z - 2 potions of mutation
 A - 3 potions of haste
 C - a potion of might {unknown}
 E - 3 potions of flight
 H - 4 potions of attraction {unknown}


   Skills:
 - Level 10.0 Fighting
 + Level 2.8 Dodging
 - Level 11.0 Unarmed Combat
 - Level 2.0 Spellcasting
 - Level 6.0 Transmutations
 - Level 5.0 Ice Magic
 - Level 14.0 Invocations


You had 4 spell levels left.
You knew the following spells:

 Your Spells              Type           Power      Damage    Failure   Level
a - Passwall              Tmut/Erth      20%        N/A       1%          2
b - Wereblood             Tmut           48%        N/A       1%          2
c - Spider Form           Tmut/Pois      25%        N/A       1%          3
d - Ice Form              Ice/Tmut       44%        N/A       1%          4

Your spell library contained the following spells:

 Spells                   Type           Power      Damage    Failure   Level
 Beastly Appendage        Tmut           96%        N/A       1%          1
 Magic Dart               Conj           12%        1d3       1%          1
 Sandblast                Erth           6%         2d5       1%          1
 Slow                     Hex            12%        N/A       1%          1
 Blink                    Tloc           6%         N/A       3%          2
 Searing Ray              Conj           6%         2d4       3%          2
 Confusing Touch          Hex            3%         N/A       6%          3
 Gell's Gravitas          Tloc           3%         N/A       6%          3
 Lesser Beckoning         Tloc           3%         N/A       6%          3
 Stone Arrow              Conj/Erth      6%         3d7       6%          3
 Teleport Other           Tloc           3%         N/A       6%          3
 Tukima's Dance           Hex            3%         N/A       6%          3
 Vampiric Draining        Necr           3%         2d6       6%          3
 Fulminant Prism          Conj/Hex       1%         3d6       19%         4
 Iskenderun's Mystic Bla  Conj/Tloc      3%         2d3       19%         4
 Passage of Golubria      Tloc           3%         N/A       19%         4
 Yara's Violent Unravell  Hex/Tmut       12%        3d7       16%         5
 Lee's Rapid Deconstruct  Erth           1%         3d5*      45%         5
 Manifold Assault         Tloc           3%         N/A       45%         5
 Dispersal                Tloc           1%         N/A       95%         6


Dungeon Overview and Level Annotations

Branches:
Dungeon (12/15)            Temple (1/1) D:5            Lair (0/5) D:8
    Orc (0/2) D:12        Ossuary (visited)

Altars:
Ashenzari
Cheibriados
Dithmenos
Elyvilon
Fedhas
Gozag
Hepliaklqana
Kikubaaqudgha
Makhleb
Nemelex Xobeh
Okawaru
Qazlal
Ru
Sif Muna
Trog
Uskayaw
Vehumet
Wu Jian
Xom
Yredelemnul
Zin
The Shining One

Shops:
D:6 [!   D:8 (   D:9 =

Annotations:
D:6 2 transporters, Menkaure
D:7 exclusion: orange crystal statue
D:10 exclusion: two-headed ogre
D:11 exclusion: two-headed ogre
D:12 Jorgrun, Sonja


Innate Abilities, Weirdness & Mutations

((You are very nimble when in or above water. (Stealth+, EV+, Speed+++)))
Your lower body shifts to a powerful aquatic tail in water.
You are weak. (Str -2)


Message History

Your +0 cloak unmelds from your body.
Your +0 helmet unmelds from your body.
Your +1 pair of boots unmelds from your body.
Your +0 robe unmelds from your body.
You now have 517 gold pieces (gained 8).
You now have 535 gold pieces (gained 18).
You now have 544 gold pieces (gained 9).
You now have 555 gold pieces (gained 11).
You now have 568 gold pieces (gained 13).
You start resting.
HP restored.
Really walk into a travel-excluded area?
Casting: Ice Form (mildly dangerous; 1% risk of failure)
Confirm with . or Enter, or press ? or * to list all spells.
You turn into a creature of crystalline ice.
Your +0 cloak melds into your body.
Your +0 helmet melds into your body.
Your +1 pair of boots melds into your body.
Your +0 robe melds into your body.
You are engulfed in freezing vapours.
You resist.
You are engulfed in freezing vapours.
You resist.
You are engulfed in freezing vapours.
You resist.
You are engulfed in freezing vapours.
You resist.
You are engulfed in freezing vapours.
You resist.
You are engulfed in freezing vapours.
You resist.
You are engulfed in freezing vapours.
You resist.
You are engulfed in freezing vapours.
You resist.
You are engulfed in freezing vapours.
You resist.
You are engulfed in freezing vapours.
You resist.
You are engulfed in freezing vapours.
You resist.
You are engulfed in freezing vapours.
You resist.
Your transformation is almost over.
You are engulfed in freezing vapours.
You resist.
You warm up again.
Your +0 cloak unmelds from your body.
Your +0 helmet unmelds from your body.
Your +1 pair of boots unmelds from your body.
Your +0 robe unmelds from your body.
You are engulfed in freezing vapours.
Ouch! That really hurt!
* * * LOW HITPOINT WARNING * * *
You are engulfed in freezing vapours.
You die...

#.#.#........# #..##.####
#>#.#..#.....# #..##.##..
#......#.....# #..##.##..
.............###########.........
..............................#..
#.#####################.#.##..#..
#.#....○°°☼☼☼☼☼☼☼.....#..[......#
..#.####################...#.#..#
#.#....§☼☼☼☼°°°°@°°°..###.......#
#.##################'##.....<....
#................................
####.#######.###..##.#....#......
#.#######.###..##.#.#..#.#....
#.................#.#.........
###....####.##........#...##.#..
#...........##........#...#..#..
###.##.####.##.^......#...#.....


There were no monsters in sight!

Vanquished Creatures
  A tengu warrior (D:11)
  A soul eater (D:12)
  A wizard (D:10)
  2 ugly things
  A cyclops (D:11)
  2 gargoyles
  2 smoke demons (D:12)
  An unseen horror (D:11)
  A hellwing (D:12)
  Psyche (D:12)
  2 kobold demonologists
  2 trolls (D:12)
  A wyvern (D:5)
  3 wraiths
  A shadow (D:12)
  14 yaks
  A human (shapeshifter) (D:12)
  A neqoxec (D:12)
  A steam dragon (D:8)
  4 vampire mosquitoes (D:11)
  A chaos spawn (D:12)
  An acid dragon (D:11)
  A water moccasin (D:6)
  2 orc warriors
  A black bear (D:7)
  3 ice beasts
  An ogre (D:6)
  4 centaurs
  A kobold brigand (D:8)
  Blork the orc (D:5)
  A necrophage (D:4)
  6 bullfrogs
  8 scorpions (Ossuary)
  12 wights
  12 killer bees
  5 howler monkeys
  An electric eel (D:10)
  4 hounds
  6 jellies
  8 orc priests
  A gnoll bouda (D:7)
  3 iron imps (D:3)
  An iguana (D:6)
  13 orc wizards
  7 scorpion zombies (Ossuary)
  3 mummies (Ossuary)
  5 adders
  10 gnolls
  3 white imps
  A worm (D:3)
  2 dart slugs
  52 orcs
  5 endoplasms
  4 giant cockroaches
  6 goblins
  4 hobgoblins
  6 jackals
  2 quokkas
  6 ball pythons
  A bat (D:2)
  2 frilled lizards (D:2)
  2 gnoll zombies (Ossuary)
  4 goblin zombies (Ossuary)
  4 hobgoblin zombies (Ossuary)
  5 kobolds
  3 kobold zombies (Ossuary)
  An orc zombie (Ossuary)
278 creatures vanquished.

Vanquished Creatures (others)
  3 fungi (D:8)
  5 plants (D:8)
8 creatures vanquished.

Grand Total: 286 creatures vanquished

Notes
Turn   | Place    | Note
-------+----------+-------------------------------------------
     0 | D:1      | cdecastro the Merfolk Transmuter began the quest for the
                  | Orb.
     0 | D:1      | Reached XP level 1. HP: 15/15 MP: 3/3
   305 | D:1      | Found a faded altar of an unknown god.
   329 | D:1      | Prayed at the altar of an unknown god.
   329 | D:1      | Became a worshipper of Cheibriados the Contemplative
   329 | D:1      | Reached * piety under Cheibriados
   655 | D:1      | Reached XP level 2. HP: 21/21 MP: 5/5
  1571 | D:2      | Reached XP level 3. HP: 17/26 MP: 4/6
  2259 | D:3      | Reached ** piety under Cheibriados
  2581 | D:3      | Found an ornate altar of the Wu Jian Council.
  2582 | D:3      | Found a snail-covered altar of Cheibriados.
  2583 | D:3      | Found a bloodstained altar of Trog.
  2584 | D:3      | Found a sacrificial altar of Ru.
  2705 | D:3      | Learned a level 2 spell: Wereblood
  2709 | D:3      | Learned a level 3 spell: Spider Form
  2785 | D:3      | Reached skill level 5 in Unarmed Combat
  2785 | D:3      | Reached XP level 4. HP: 30/32 MP: 5/7
  2910 | D:3      | Found a burning altar of Makhleb.
  2939 | D:3      | Reached XP level 5. HP: 9/37 MP: 8/8
  3573 | D:4      | Reached skill level 5 in Transmutations
  3573 | D:4      | Reached XP level 6. HP: 32/43 MP: 7/9
  4074 | D:4      | Reached *** piety under Cheibriados
  4177 | D:4      | Reached XP level 7. HP: 22/48 MP: 8/10
  4507 | D:4      | Learned a level 4 spell: Ice Form
  4508 | D:5      | Entered Level 5 of the Dungeon
  4516 | D:5      | Noticed a wyvern
  4590 | D:5      | Found a sand-covered staircase.
  4601 | D:5      | Killed a wyvern
  4608 | Ossuary  | Entered an ossuary
  4846 | Ossuary  | Reached skill level 1 in Ice Magic
  4948 | Ossuary  | Reached XP level 8. HP: 51/54 MP: 9/11
  4986 | Ossuary  | Reached **** piety under Cheibriados
  5446 | D:5      | Found a staircase to the Ecumenical Temple.
  5455 | Temple   | Entered the Ecumenical Temple
  5455 | Temple   | Found a transporter.
  5455 | Temple   | Found a transporter.
  5457 | Temple   | Found a transporter.
  5457 | Temple   | Found a transporter.
  5646 | D:5      | Reached skill level 10 in Unarmed Combat
  6095 | D:5      | Noticed Blork the orc
  6103 | D:5      | Killed Blork the orc
  6104 | D:5      | Reached XP level 9. HP: 59/59 MP: 8/12
  6281 | D:6      | Found Ubripteud's Distillery.
  6298 | D:6      | Reached ***** piety under Cheibriados
  6302 | D:6      | Bought a potion of brilliance for 52 gold pieces
  6302 | D:6      | Bought a potion of resistance for 130 gold pieces
  6302 | D:6      | Bought a potion of flight for 39 gold pieces
  6302 | D:6      | Bought a potion of heal wounds for 65 gold pieces
  6339 | D:6      | Reached skill level 5 in Ice Magic
  6513 | D:6      | Found a transporter.
  6534 | D:6      | Found a basalt altar of Yredelemnul.
  6543 | D:6      | Noticed Menkaure
  6550 | D:6      | Found an ancient bone altar of Kikubaaqudgha.
  6553 | D:6      | Found a transporter.
  6728 | D:6      | Found a shimmering altar of Xom.
  6788 | D:6      | Found Tur Nuj's Antique Armour Shoppe.
  7264 | D:7      | Found a broken altar of Ashenzari.
  7316 | D:7      | Reached skill level 5 in Fighting
  7503 | D:7      | Noticed an orange crystal statue
  7922 | D:8      | Noticed a green ugly thing
  7997 | D:8      | Found Jeid Kas's Antique Weapon Boutique.
  8070 | D:8      | Reached XP level 10. HP: 72/82 MP: 9/13
  8104 | D:8      | Killed a green ugly thing
  8256 | D:8      | Found a staircase to the Lair.
  8537 | D:9      | Reached skill level 10 in Fighting
  8542 | D:9      | Reached skill level 1 in Invocations
  8553 | D:9      | Reached skill level 2 in Invocations
  8617 | D:9      | Reached skill level 3 in Invocations
  8622 | D:9      | Reached ****** piety under Cheibriados
  8625 | D:9      | Reached skill level 4 in Invocations
  8629 | D:9      | Reached skill level 5 in Invocations
  8962 | D:9      | Found Axoafineky's Jewellery Shoppe.
  8963 | D:9      | Identified the ring of the Ant {rElec rF- Will+ rCorr
                  | Str+6}
  9158 | D:9      | Learned a level 2 spell: Passwall
  9159 | D:10     | Entered Level 10 of the Dungeon
  9206 | D:10     | Noticed a gargoyle
  9210 | D:10     | Killed a gargoyle
  9211 | D:10     | Reached skill level 6 in Invocations
  9481 | D:10     | Reached skill level 7 in Invocations
  9494 | D:10     | Reached skill level 8 in Invocations
  9494 | D:10     | Reached XP level 11. HP: 90/90 MP: 11/17
  9683 | D:10     | Noticed a two-headed ogre
  9906 | D:10     | Noticed a wizard
  9911 | D:10     | Killed a wizard
  9912 | D:10     | Reached skill level 9 in Invocations
 10300 | D:11     | Noticed a two-headed ogre
 10333 | D:11     | Reached skill level 10 in Invocations
 10432 | D:11     | Noticed a cyclops
 10696 | D:11     | Reached skill level 11 in Invocations
 10749 | D:11     | Noticed a tengu warrior
 10757 | D:11     | Killed a tengu warrior
 10995 | D:11     | Killed a cyclops
 11066 | D:11     | Found a sparkling altar of Nemelex Xobeh.
 11202 | D:12     | Noticed a purple ugly thing
 11209 | D:12     | Killed a purple ugly thing
 11210 | D:12     | Reached skill level 12 in Invocations
 11211 | D:12     | Gained mutation: You are weak. (Str -2) [a neqoxec]
 11321 | D:12     | Noticed Sonja
 11521 | D:12     | Noticed a soul eater
 11540 | D:12     | Killed a soul eater
 11541 | D:12     | Reached skill level 13 in Invocations
 11542 | D:12     | Reached XP level 12. HP: 60/97 MP: 16/21
 11633 | D:12     | Noticed Psyche
 11638 | D:12     | Killed Psyche
 11762 | D:12     | Found a staircase to the Orcish Mines.
 11944 | D:12     | Noticed Jorgrun
 12308 | D:6      | Reached skill level 14 in Invocations
 12469 | D:6      | Engulfed by a cloud of freezing vapour

Illustrated notes

Levels and vault maps discovered:
D:1:      scummos_arrival_hexagon, layout_loops_corners,
          ebering_ecumenical_altar_hall, chequers_serial_rivers_micro_c,
          dreamdust_wishing_well
D:2:      layout_rooms, due_unseen_surprise
D:3:      layout_basic, mainiacjoe_overflow_alcove_3, demons_altar
D:4:      layout_basic
D:5:      layout_gridville, minmay_temple_entry_stoned_glass, enter_ossuary_1,
          kennysheep_boxes, uniq_blork_the_orc
D:6:      lemuel_ice_spiral_2, layout_basic, xom_teletrap_fun,
          gammafunk_temple_of_torment, serial_shops, shop, shop
D:7:      statuecave_lemuel, layout_basic, mainiacjoe_overflow_alcove_1
D:8:      hangedman_cross_stitches, layout_rooms, dpeg_oklobed_lair,
          serial_shops, shop
D:9:      layout_rooms, serial_shops, shop
D:10:     layout_basic
D:11:     layout_long_grid, nemelex_lonely_heart_becter
D:12:     layout_roguey, david_orc_2, serial_demonic, serial_demonic_b,
          serial_demonic_d, serial_demonic_a, serial_demonic_f, uniq_sonja,
          uniq_psyche, uniq_jorgrun
Temple:   hellmonk_temple_divided_pantheon

Skill      XL: |  1  2  3  4  5  6  7  8  9 10 11 12 |
---------------+-------------------------------------+-----
Transmutations | 3 4 5 6 |  6.0
Unarmed Combat | 4 5 6 7 8 10 11 | 11.0
Ice Magic      | 2 4 5 |  5.0
Fighting       | 8 10 | 10.0
Invocations    | 8 13 14 | 14.0
Dodging        | |  2.8
Spellcasting   | |  2.0

Action                   |  1- 3 |  4- 6 |  7- 9 | 10-12 || total
-------------------------+-------+-------+-------+-------++-------
Melee: Unarmed           |    86 |    95 |   243 |   247 ||   671
       Headbutt          |    10 |    15 |    17 |       ||    42
       Punch             |     1 |     6 |     7 |     1 ||    15
Throw: Stone             |     7 |     3 |     4 |     4 ||    18
       Dart              |       |       |     2 |       ||     2
 Cast: Beastly Appendage |    17 |    11 |    10 |       ||    38
       Wereblood         |       |     2 |    10 |    14 ||    26
       Spider Form       |       |       |    10 |     2 ||    12
       Ice Form          |       |       |    16 |    32 ||    48
Invok: Slouch            |       |       |       |     1 ||     1
Evoke: Wand              |       |       |       |     1 ||     1
  Use: Potion            |       |     1 |       |       ||     1
       Scroll            |       |       |    17 |     2 ||    19
 Stab: Sleeping          |     2 |       |       |       ||     2
       Distracted        |       |       |       |     1 ||     1
Armor: Robe              |    12 |     7 |     6 |     8 ||    33
       Skin              |       |     4 |    42 |    74 ||   120
Dodge: Dodged            |    65 |    41 |   171 |   134 ||   411
